 Dungeon Crawl Stone Soup version 0.29-a0-887-gcbe080d7e0 (webtiles) character file.

Game seed: 15882371491563755436

74 jimonade the Digger (level 4, 0/32 HPs)
             Began as a Formicid Earth Elementalist on July 21, 2022.
             Slain by Sigmund
             ... wielding a +0 scythe
              (6 damage)
             ... on level 3 of the Dungeon.
             The game lasted 00:05:23 (2310 turns).

jimonade the Digger (Formicid Earth Elementalist)   Turns: 2310, Time: 00:05:24

Health: 0/32       AC:  3    Str: 13    XL:     4   Next: 54%
Magic:  13/17      EV: 12    Int: 16    God:
Gold:   124        SH:  0    Dex: 14    Spells: 8/9 levels left

rFire   . . .      SeeInvis +   a - +3 short sword of Immorality {elec, rC+ MP+9}
rCold   + . .      Faith    .   (no shield)
rNeg    + . .      Spirit   .   k - +0 robe
rPois   .          Reflect  .   (helmet unavailable)
rElec   .          Harm     .   (no cloak)
rCorr   .          Rampage  .   g - +0 pair of gloves
Will    .....                   (no boots)
Stlth   ++........              (no amulet)
HPRegen 0.10/turn               d - ring of positive energy
MPRegen 0.15/turn               (no ring)

@: no status effects
A: permanent stasis, dig shafts and tunnels, antennae 3, four strong arms
a: Dig, Shaft Self


You were on level 3 of the Dungeon.
You visited 1 branch of the dungeon, and saw 3 of its levels.

You collected 124 gold pieces.

Inventory:

Hand Weapons
 a - the +3 short sword of Immorality (weapon) {elec, rC+ MP+9}
   (You found it on level 2 of the Dungeon)

   It occasionally discharges a powerful burst of electricity upon striking a
   foe.
   rC:        It protects you from cold.
   MP:        It affects your magic capacity (+9).
 b - a +0 sling
 m - a +0 short sword
 q - a +0 long sword
 u - a +0 spear
 w - a +0 halberd
Missiles
 p - 33 stones
Armour
 g - a +0 pair of gloves (worn)
 i - a +0 ring mail
 k - a +0 robe (worn)
 l - a +0 ring mail
 s - a +0 chain mail
 x - a +0 leather armour
 y - an orb of mayhem
Jewellery
 d - a ring of positive energy (left hand)
Wands
 v - a wand of mindburst (14)
Scrolls
 f - 2 scrolls of enchant weapon {unknown}
 h - a scroll of teleportation {unknown}
 j - a scroll of fear {unknown}
 o - a scroll of enchant armour {unknown}
 r - a scroll of butterflies {unknown}
 t - 2 scrolls of immolation {unknown}
Potions
 c - 3 potions of might {unknown}
 e - a potion of magic
 n - a potion of attraction {unknown}
 z - a potion of curing {unknown}


   Skills:
 * Level 1.4 Fighting
 + Level 2.1 Dodging
 - Level 2.4 Stealth
 * Level 3.2 Spellcasting
 + Level 1.1 Transmutations
 + Level 4.6 Earth Magic


You had 8 spell levels left.
You knew the following spells:

 Your Spells              Type           Power      Damage    Failure   Level
a - Sandblast             Erth           34%        2d9       2%          1

Your spell library contained the following spells:

 Spells                   Type           Power      Damage    Failure   Level
 Passwall                 Tmut/Erth      9%         N/A       9%          2
 Stone Arrow              Conj/Erth      18%        3d8       22%         3
 Lesser Beckoning         Tloc           2%         N/A       50%         3
 Petrify                  Tmut/Erth      11%        N/A       50%         4
 Manifold Assault         Tloc           2%         N/A       99%         5
 Blink                    Tloc           Unusable   N/A       N/A         2

Dungeon Overview and Level Annotations

Branches:
Dungeon (3/15)

Altars:
Elyvilon
Hepliaklqana

Annotations:
D:3 Sigmund


Innate Abilities, Weirdness & Mutations

You cannot be hasted, slowed, berserked, paralysed or teleported.
You can dig through walls and to a lower floor.
You have a pair of large antennae on your head. (SInv)
Your four strong arms can wield two-handed weapons with a shield.


Message History

Magic restored.
You sense a monster nearby.
Sigmund the Dreaded comes into view.
He is wielding a +0 scythe.
The blast of sand hits Sigmund.
Sigmund is moderately wounded.
Sigmund shouts!
Sigmund breathes a few words.
Sigmund's hands start flickering wildly.
The blast of sand hits Sigmund.
Sigmund is moderately wounded.
Sigmund casts a spell at you. The magic dart hits you!
Sigmund hits you from afar with a +0 scythe.
The blast of sand misses Sigmund.
Sigmund hits you from afar with a +0 scythe.
You are too injured to fight recklessly!
Aiming: Sandblast (safe; 2% risk of failure)
Press: ? - help, Q - select action, (/) - cycle Shift-Dir - straight line, f/p - Sigmund
Aim: Sigmund, wielding a +0 scythe and wearing a +0 robe (moderately wounded, 77% to hit)
The blast of sand hits Sigmund!
Sigmund is heavily wounded.
Sigmund breathes a few words.
Sigmund's hands start flickering wildly.
Sigmund hits you but does no damage. Sigmund gestures at you while chanting.
The magic dart hits you!
* * * LOW HITPOINT WARNING * * *
Aiming: Sandblast (safe; 2% risk of failure)
Press: ? - help, Q - select action, (/) - cycle Shift-Dir - straight line, f/p - Sigmund
Aim: Sigmund, wielding a +0 scythe and wearing a +0 robe (heavily wounded, 77% to hit)
The blast of sand hits Sigmund!
Sigmund is almost dead.
Sigmund closely misses you.
Aiming: Sandblast (safe; 2% risk of failure)
Press: ? - help, Q - select action, (/) - cycle Shift-Dir - straight line, f/p - Sigmund
Aim: Sigmund, wielding a +0 scythe and wearing a +0 robe (almost dead, 77% to hit)
The blast of sand hits Sigmund.
Sigmund is almost dead.
Sigmund hits you from afar with a +0 scythe.
You die...

###..# ##....# #....#
#..### # #..# #. #..#
#.#.#.###>.####.#
##.#.#.#..@......#
.....#..@.#.###### {
..................
#........#≈.≈####
#♣♣♣♣###...##)#≈.≈#
#♣♣♣....♣♣###.....≈.≈#
♣♣.........♣♣#..#..≈≈≈#
♣...........♣##.#....##
♣............♣#...####
♣............♣##..#


You could see Sigmund.

Vanquished Creatures
  An adder (D:3)
  3 gnolls (D:2)
  3 dart slugs
  An orc (D:3)
  3 endoplasms
  A giant cockroach (D:1)
  2 hobgoblins
  4 ball pythons
  4 bats
  4 frilled lizards
  5 kobolds
  3 rats (D:2)
34 creatures vanquished.

Vanquished Creatures (others)
  9 plants (D:2)
9 creatures vanquished.

Grand Total: 43 creatures vanquished

Notes
Turn   | Place    | Note
-------+----------+-------------------------------------------
     0 | D:1      | jimonade the Formicid Earth Elementalist began the quest
                  | for the Orb.
     0 | D:1      | Reached XP level 1. HP: 13/13 MP: 3/3
   325 | D:1      | Reached skill level 4 in Earth Magic
   514 | D:1      | Reached XP level 2. HP: 20/20 MP: 3/5
   830 | D:2      | Found a hazy altar of Hepliaklqana.
   887 | D:2      | Found a faded altar of an unknown god.
   938 | D:2      | Identified the +3 short sword of Immorality {elec, rC+
                  | MP+9}
  1138 | D:2      | Reached XP level 3. HP: 25/25 MP: 6/6
  1371 | D:2      | Reached skill level 1 in Fighting
  1394 | D:2      | Reached XP level 4. HP: 25/32 MP: 8/8
  2071 | D:3      | Found a white marble altar of Elyvilon.
  2303 | D:3      | Noticed Sigmund
  2310 | D:3      | Slain by Sigmund

Illustrated notes

Levels and vault maps discovered:
D:1:      lemuel_arrival_broad_hall, layout_rooms, minivault_23
D:2:      layout_basic, basic_altar, dreamdust_ecumenical_altar_grove,
          grunt_ministairs_14, serial_bayou_lagoon_a
D:3:      layout_loops_ring, kennysheep_ying_yang, nicolae_ashenzari_panopticon,
          chequers_serial_rivers_micro_d, uniq_sigmund

Skill      XL: |  1  2  3 |
---------------+----------+-----
Earth Magic    | 4 |  4.6
Dodging        | 2 |  2.1
Fighting       | 1 |  1.4
Spellcasting   | 3 |  3.2
Stealth        | |  2.4
Transmutations | |  1.1

Action                   |  1- 3 |  4- 6 || total
-------------------------+-------+-------++-------
Melee: Short sword       |    15 |     7 ||    22
 Fire: Sling             |    37 |    16 ||    53
 Cast: Sandblast         |    17 |     8 ||    25
Armor: Robe              |     8 |     3 ||    11
Dodge: Dodged            |    30 |     6 ||    36

Table legend: (Time is in decaauts)
 A = Elapsed time spent in this place.
 B = Non-inter-level travel time spent in this place.
 C = Inter-level travel time spent in this place.
 D = Time resting spent in this place.
 E = Time spent auto-exploring this place.
 F = Levels seen in this place.
 G = Mean time per level.
                   A        B        C        D        E       F      G
               +--------+--------+--------+--------+--------+-----+--------+
         Total |   2361 |   2237 |    124 |    216 |   1503 |   3 |  787.0 |
       Dungeon |   2361 |   2237 |    124 |    216 |   1503 |   3 |  787.0 |
               +--------+--------+--------+--------+--------+-----+--------+

Top non-repeatable levels by time:
     D:2: 1197 daAuts
     D:1: 846 daAuts
     D:3: 317 daAuts
